AoeStats
← O grande

Arabia

505589107Analyzed
1v1 RM · 23d ago on Sep 10, 2026· 49m 33s· 2 players
Game mode
Random Map
Map size
Tiny (2 player)
Population
200
Speed
Normal
Resources
Standard
Victory
Conquest
Starting age
Dark Age
Ending age
Imperial Age
RankedLock teamsTeams togetherTeam positionsShared explorationLock speedFull tech treeHidden civsTurbo modeCheats
Victory
Defeat
🇵🇪 Mongols · Peru
1935
+23
🇧🇷 Chinese · Brazil
2088
-23
O grande
0:26 Loom
9:34 Feudal Age
10:05 Double-Bit Axe
20:16 Castle Age
18:52 Fletching
19:02 Padded Archer Armor
19:16 Padded Archer Armor
19:32 Horse Collar
19:50 Gold Mining
20:58 Bodkin Arrow
21:32 Town Watch
23:30 Bow Saw
27:10 Ballistics
27:32 Leather Archer Armor
27:14 Guard Tower
29:26 Wheelbarrow
34:11 Imperial Age
34:55 Bracer
36:04 Chemistry
37:13 Ring Archer Armor
45:29 Keep
48:34 Murder Holes
Miguel T
7:09 Loom
10:08 Feudal Age
10:12 Man-at-Arms
10:59 Double-Bit Axe
12:22 Horse Collar
15:43 Fletching
20:45 Castle Age
19:20 Gold Mining
21:31 Bodkin Arrow
20:56 Crossbowman
21:58 Bow Saw
23:21 Town Watch
24:31 Heavy Plow
26:28 Wheelbarrow
26:53 Heavy Plow
29:52 Padded Archer Armor
30:21 Elite Skirmisher
35:11 Imperial Age
34:02 Leather Archer Armor
35:16 Thumb Ring
36:16 Bracer
35:47 Capped Ram
37:24 Ballistics
38:46 Chemistry
39:33 Masonry
39:29 Siege Engineers
41:13 Hoardings
42:39 Forging
42:34 Scale Barding Armor
43:14 Bloodlines
43:05 Husbandry
44:21 Iron Casting
43:55 Light Cavalry
44:57 Chain Barding Armor
47:40 Blast Furnace
47:05 Drill
48:15 Hussar
Connection lost

Rejoining the realm…

Still unreachable

The connection could not be restored.

Session expired

The server has moved on; the page needs a fresh start.